 Dungeon Crawl Stone Soup version 0.23-a0-143-g1adec7b (webtiles) character file.

173 Amnesiac the Chiller (level 5, -2/35 HPs)
             Began as a Mummy Ice Elementalist on Sept 3, 2018.
             Was an Initiate of Vehumet.
             Slain by Sigmund
             ... wielding a +0 scythe
              (9 damage)
             ... on level 2 of the Dungeon.
             The game lasted 00:04:35 (2093 turns).

Amnesiac the Chiller (Mummy Ice Elementalist)       Turns: 2093, Time: 00:04:36

Health: -2/35      AC:  2    Str: 17    XL:     5   Next: 28%
Magic:  8/11       EV: 12    Int: 15    God:    Vehumet [......]
Gold:   53         SH:  0    Dex: 13    Spells: 0/12 levels left

rFire    x . .     SeeInvis .   i - +2 flail (protect)
rCold    + . .     Gourm    .   (no shield)
rNeg     + + +     Faith    .   e - +0 robe
rPois    ∞         Spirit   .   (no helmet)
rElec    .         Reflect  .   (no cloak)
rCorr    .         Harm     .   (no gloves)
MR       .....                  (no boots)
Stlth    ++........             (no amulet)
HPRegen  0.11/turn              c - +6 ring of strength
MPRegen  0.12/turn              j - ring of flight

@: no status effects
A: no food or potions, fire vulnerability, cold resistance 1, negative energy
resistance 3, torment resistance, unbreathing
a: Renounce Religion, Evoke Flight


You were on level 2 of the Dungeon.
You worshipped Vehumet.
Vehumet was noncommittal.
You were not hungry.

You visited 2 branches of the dungeon, and saw 5 of its levels.

You collected 53 gold pieces.

Inventory:

Hand Weapons
 a - a +0 hunting sling
 b - a +0 spear
 g - the cursed +2 mace "Beetlebane" {flame, rElec Str+3 SInv, unknown}
   (You found it on level 4 of the Dungeon)

   It has been specially enchanted to burn those struck by it, causing extra
   injury to most foes and up to half again as much damage against particularly
   susceptible opponents.
   It affects your strength (+3).
   It insulates you from electricity.
   It lets you see invisible.
   It has a curse placed upon it.
 i - a +2 flail of protection (weapon)
Missiles
 d - 62 sling bullets
 f - 56 stones (quivered)
Armour
 e - a +0 robe (worn)
Jewellery
 c - a +6 ring of strength (left hand)
 j - a ring of flight (right hand)
Scrolls
 h - 4 scrolls of remove curse {!r}
 k - 3 scrolls of teleportation {!r}
 l - a scroll of immolation {!r}


   Skills:
 - Level 1.5 Dodging
 - Level 1.5 Stealth
 + Level 4.2 Spellcasting
 - Level 0.7 Conjurations
 * Level 4.4 Ice Magic


You couldn't memorise any spells.
You knew the following spells:

 Your Spells              Type           Power        Failure   Level  Hunger
a - Freeze                Ice            ###.         3%          1    N/A
b - Summon Ice Beast      Ice/Summ       #.......     56%         4    N/A
c - Ozocubu's Armour      Chrm/Ice       #.......     22%         3    N/A
d - Throw Icicle          Conj/Ice       ##......     52%         4    N/A

Your spell library contained the following spells:

 Spells                   Type           Power        Failure   Level  Hunger
 Throw Frost              Conj/Ice       ##....       10%         2    N/A

Dungeon Overview and Level Annotations

Branches:
Dungeon (4/15)             Temple (1/1) D:4

Altars:
Cheibriados
Elyvilon
Fedhas
Gozag
Makhleb
Nemelex Xobeh
Qazlal
Trog
Uskayaw
Vehumet
Yredelemnul
Zin

Annotations:
D:2 Sigmund


Innate Abilities, Weirdness & Mutations

You do not eat or drink.
Your flesh is vulnerable to fire.
You are immune to poison.
Your flesh is cold resistant. (rC+)
You are immune to negative energy. (rN+++)
You are immune to unholy pain and torment.
You can survive without breathing.


Message History

You can't see any susceptible monsters within range! (Use Z to cast anyway.) Done exploring.
No target in view!
Casting: Freeze (safe; 3% risk of failure)
Confirm with . or Enter, or press ? or * to list all spells.
You can't see any susceptible monsters within range! (Use Z to cast anyway.)
Things that are here:
a club; a hobgoblin skeleton
There is a stone staircase leading down here.
You climb downwards.
There is a stone staircase leading up here.
A kobold comes into view. It is wielding a short sword.
The kobold shouts!
Casting: Freeze (safe; 3% risk of failure)
Confirm with . or Enter, or press ? or * to list all spells.
Aiming: Freeze (safe; 3% risk of failure)
Press: ? - help, Shift-Dir - straight line, f - kobold
Aim: a kobold, wielding a short sword You freeze the kobold.
You kill the kobold!
Vehumet accepts your kill.
h - 4 scrolls of remove curse {!r} (gained 1) Magic restored.
Found a green potion and 2 tomahawks.
No target in view!
Casting: Freeze (safe; 3% risk of failure)
Confirm with . or Enter, or press ? or * to list all spells.
You can't see any susceptible monsters within range! (Use Z to cast anyway.)
You see here a scale mail.
k - 3 scrolls of teleportation {!r} (gained 1)
You see here a scale mail.
Sigmund the Dreaded comes into view.
He is wielding a scythe.
Sigmund shouts!
Sigmund drinks a potion.
Sigmund suddenly seems more resistant.
Casting: Freeze (safe; 3% risk of failure)
Confirm with . or Enter, or press ? or * to list all spells.
You can't see any susceptible monsters within range! (Use Z to cast anyway.) Sigmund hits you from afar with a scythe!
Sigmund barely misses you.
Casting: Freeze (safe; 3% risk of failure)
Confirm with . or Enter, or press ? or * to list all spells.
Aiming: Freeze (safe; 3% risk of failure)
Press: ? - help, Shift-Dir - straight line, f - Sigmund
Aim: Sigmund, wielding a scythe and wearing a robe (unusually resistant)
You freeze Sigmund.
Sigmund resists.
Sigmund is lightly wounded.
Casting: Freeze (safe; 3% risk of failure)
Confirm with . or Enter, or press ? or * to list all spells.
Aiming: Freeze (safe; 3% risk of failure)
Press: ? - help, Shift-Dir - straight line, f/p - Sigmund
Aim: Sigmund, wielding a scythe and wearing a robe (lightly wounded, unusually You freeze Sigmund.
Sigmund resists.
Sigmund is lightly wounded.
Sigmund hits you with a scythe!
* * * LOW HITPOINT WARNING * * *
Casting: Freeze (safe; 3% risk of failure)
Confirm with . or Enter, or press ? or * to list all spells.
Aiming: Freeze (safe; 3% risk of failure)
Press: ? - help, Shift-Dir - straight line, f/p - Sigmund
Aim: Sigmund, wielding a scythe and wearing a robe (lightly wounded, unusually You freeze Sigmund.
Sigmund resists.
Sigmund is moderately wounded.
Sigmund hits you with a scythe!
You die...

########.##.##.####
#.. #.##.##.# #..
#.......# #..
#######.####
#####.. #.....#.#
#...... #.....#.#
#####.#....
.###.......#
#.....#.##.
.........###
#.....#.##.
###..@@.#
#.......... #######
#..........
#.....#.##.
###.###....
#.######. #.#.####.
#....#...
##........
#........(


You could see Sigmund.

Vanquished Creatures
  A hound (D:4)
  Jessica (D:2)
  A worker ant (D:4)
  A gnoll (D:1)
  3 adders
  An ooze (D:3)
  An adder skeleton (D:4)
  A worm (D:4)
  2 leopard geckos
  An orc (D:4)
  3 giant cockroaches
  A goblin (D:1)
  5 hobgoblins
  6 jackals
  3 kobolds
  2 quokkas
  A ball python (D:1)
  3 bats (D:1)
  4 frilled lizards
  3 rats
44 creatures vanquished.

Notes
Turn   | Place    | Note
-------+----------+-------------------------------------------
     0 | D:1      | Amnesiac the Mummy Ice Elementalist began the quest for the
                  | Orb.
     0 | D:1      | Reached XP level 1. HP: 13/13 MP: 4/4
    43 | D:1      | Reached XP level 2. HP: 19/19 MP: 0/5
   422 | D:2      | Reached XP level 3. HP: 16/24 MP: 1/7
   526 | D:2      | Noticed Jessica
   529 | D:2      | Killed Jessica
   555 | D:2      | Reached XP level 4. HP: 29/30 MP: 7/9
   561 | D:2      | Learned a level 4 spell: Throw Icicle
   566 | D:2      | Learned a level 4 spell: Summon Ice Beast
   799 | D:3      | Found a bloodstained altar of Trog.
   974 | D:4      | Reached XP level 5. HP: 34/35 MP: 9/11
   979 | D:4      | Learned a level 3 spell: Ozocubu's Armour
  1002 | D:4      | Found a stormy altar of Qazlal.
  1079 | D:4      | Found a staircase to the Ecumenical Temple.
  1086 | D:4      | Got a pitted mace
  1152 | Temple   | Entered the Ecumenical Temple
  1269 | Temple   | Became a worshipper of Vehumet
  1406 | D:3      | Found a white marble altar of Elyvilon.
  2087 | D:2      | Noticed Sigmund
  2093 | D:2      | Slain by Sigmund

Vault maps used:
D:1:      dpeg_arrival_tiny_h
D:2:      uniq_jessica, uniq_sigmund
D:3:      gammafunk_temple_overflow_arena, overflow_temple_1_default,
          chequers_temple_overflow_minitemple, bloody_trog,
          chequers_ecumenical_altar_twisty, uniq_terence
D:4:      lemuel_crystal_altar, minmay_temple_entry_glass, first_ration
Temple:   kb_temple_of_zot

Skill      XL: |  1  2  3  4 |
---------------+-------------+-----
Ice Magic      | 3 4 |  4.4
Spellcasting   | 3 4 |  4.2
Dodging        | |  1.5
Stealth        | |  1.5
Conjurations   | |  0.7

Action                   |  1- 3 |  4- 6 || total
-------------------------+-------+-------++-------
Melee: Spear             |    22 |       ||    22
       Flail             |       |     7 ||     7
 Fire: Hunting sling     |     8 |    36 ||    44
 Cast: Freeze            |    18 |    39 ||    57
  Use: Scroll            |       |     3 ||     3
 Stab: Sleeping          |     1 |     2 ||     3
Armor: Robe              |     3 |    12 ||    15
Dodge: Dodged            |    27 |    20 ||    47

Table legend:
 A = Non-vault XP
 B = Vault XP
 C = Vault XP percentage of total XP
 D = Non-vault monster count
 E = Vault monster count
 F = Vault count percentage of total count
                 A         B        C        D         E       F
            +---------+---------+-------+---------+---------+-------
      Total |     211 |      37 |  14.9 |      43 |       1 |   2.3
            +---------+---------+-------+---------+---------+-------
        D:1 |      39 |       0 |   0.0 |      17 |       0 |   0.0
        D:2 |      39 |      37 |  48.7 |       9 |       1 |  10.0
        D:3 |      21 |       0 |   0.0 |       8 |       0 |   0.0
        D:4 |     112 |       0 |   0.0 |       9 |       0 |   0.0
            +---------+---------+-------+---------+---------+-------
